 Dungeon Crawl Stone Soup version 0.20.1-1-g8b1a95d (webtiles) character file.

784 Maskull the Poker (level 7, -10/61 HPs)
             Began as a Hill Orc Fighter on July 28, 2017.
             Was a Believer of Makhleb.
             Killed from afar by MotkuVodaTOUR's ghost (21 damage)
             ... with a lance of force
             ... on level 6 of the Dungeon.
             The game lasted 00:19:34 (4129 turns).

Maskull the Poker (Hill Orc Fighter)                Turns: 4129, Time: 00:19:37

Health: -10/61     AC:  7    Str: 26    XL:     7   Next: 86%
Magic:  9/9        EV:  8    Int: 13    God:    Makhleb [**....]
Gold:   288        SH:  0    Dex: 12    Spells: 6/6 levels left

rFire    + . .     SeeInvis .   a - +0 trident
rCold    . . .     Gourm    .   c - +0 shield
rNeg     . . .     Faith    .   b - +0 scale mail
rPois    .         Spirit   .   (helmet restricted)
rElec    .         Reflect  +   (no cloak)
rCorr    .         Harm     .   (no gloves)
MR       +....                  (no boots)
Stlth    ..........             m - +4 amulet of reflection
Regen    0.2/turn               n - ring of protection from magic
MPRegen  0.2/turn               t - ring of protection from fire

@: confused, mighty, brilliant, drained
A: horns 1, agile 1, wild magic 1
a: Minor Destruction, Renounce Religion


You were on level 6 of the Dungeon.
You worshipped Makhleb.
Makhleb was pleased with you.
You were not hungry.

You visited 1 branch of the dungeon, and saw 6 of its levels.

You collected 288 gold pieces.

Inventory:

Hand Weapons
 a - a +0 trident (weapon)
Missiles
 i - 75 arrows
Armour
 b - a +0 scale mail (worn)
 c - a +0 shield (worn)
 h - a +0 helmet
Jewellery
 m - a +4 amulet of reflection (around neck)
 n - a ring of protection from magic (left hand)
 r - an uncursed ring of positive energy
 t - a ring of protection from fire (right hand)
Scrolls
 q - 2 scrolls of fog
 s - a scroll of remove curse
Potions
 d - a potion of might
 e - a potion of curing
 k - a potion of lignification {unknown}
 o - 2 potions of brilliance
 v - a potion of flight
Comestibles
 f - 4 bread rations
 g - 2 royal jellies
 w - 4 fruits


   Skills:
 + Level 5.3(4.8) Fighting
 + Level 5.7(5.2) Polearms
 + Level 4.9(4.4) Armour
 + Level 1.2(0.7) Dodging
 + Level 5.0(4.5) Shields
 * Level 3.9(3.4) Invocations


You had 6 spell levels left.
You didn't know any spells.

Dungeon Overview and Level Annotations

Branches:
Dungeon (6/15)
 Temple: D:4-7

Altars:
Hepliaklqana
Makhleb
Nemelex Xobeh
Ru
Vehumet

Shops:
D:5 %

Annotations:
D:6 MotkuVodaTOUR's ghost, novice DECj


Innate Abilities, Weirdness & Mutations

You have a pair of small horns on your head.
You are agile. (Dex +2)
Your spells are a little harder to cast, but a little more powerful.


Message History

A giant cockroach comes into view.
You puncture MotkuVodaTOUR's ghost!
MotkuVodaTOUR's ghost is severely damaged.
MotkuVodaTOUR's ghost casts a spell at you.
The lance of force hits you!
You are knocked back by the lance of force.
You slam into the rock wall!
* * * LOW HITPOINT WARNING * * *
It was a potion of brilliance.
You feel clever all of a sudden.
MotkuVodaTOUR's ghost gestures at you while chanting.
The spray of energy hits you!
You are confused.
It was a potion of mutation.
You feel extremely strange.
You feel less in control of your magic.
You feel agile. A pair of horns grows on your head!
Your +0 helmet falls away!
MotkuVodaTOUR's ghost gestures at you while chanting.
The lance of force hits you!
You die...

.......
...#....#.#
###...#
#........$####
..
.[...........#
...#.......###
.####..#.###
.. #....#
....###.#.#
#..s..W#.#
...####@..#
#####


You could see MotkuVodaTOUR's ghost and a giant cockroach.

Vanquished Creatures
  A sky beast (D:4)
  An ice beast (D:5)
  An ogre (D:4)
  2 centaurs (D:5)
  A howler monkey (D:6)
  An iguana (D:5)
  A centaur skeleton (D:5)
  2 orc wizards (D:4)
  3 gnolls (D:3)
  6 adders
  An ooze (D:3)
  2 dart slugs (D:1)
  3 leopard geckos
  13 orcs
  A ball python (D:3)
  13 bats
  3 giant cockroaches
  5 goblins
  11 hobgoblins
  8 jackals (D:5)
  8 kobolds
  2 quokkas
  10 frilled lizards
  A jackal skeleton (D:5)
  A quokka skeleton (D:4)
  14 rats
115 creatures vanquished.

Notes
Turn   | Place    | Note
-------+----------+-------------------------------------------
     0 | D:1      | Maskull the Hill Orc Fighter began the quest for the Orb.
     0 | D:1      | Reached XP level 1. HP: 19/19 MP: 1/1
   143 | D:1      | Reached XP level 2. HP: 18/27 MP: 2/2
   519 | D:1      | Reached XP level 3. HP: 33/33 MP: 3/3
  1156 | D:2      | Reached XP level 4. HP: 33/40 MP: 4/4
  1180 | D:2      | Found a hazy altar of Hepliaklqana.
  1232 | D:2      | Found a burning altar of Makhleb.
  1237 | D:2      | Became a worshipper of Makhleb the Destroyer
  1308 | D:2      | Found a sparkling altar of Nemelex Xobeh.
  1602 | D:2      | Found a sacrificial altar of Ru.
  1807 | D:3      | Found a radiant altar of Vehumet.
  1832 | D:3      | Reached skill level 1 in Invocations
  1832 | D:3      | Reached XP level 5. HP: 38/47 MP: 5/5
  1976 | D:3      | Reached * piety under Makhleb
  2751 | D:4      | Noticed an ogre
  2758 | D:4      | Killed an ogre
  2758 | D:4      | Reached skill level 1 in Dodging
  2758 | D:4      | Reached XP level 6. HP: 53/53 MP: 7/7
  2914 | D:5      | Entered Level 5 of the Dungeon
  2914 | D:5      | Noticed a sky beast
  2926 | D:4      | Killed a sky beast
  3524 | D:5      | Reached skill level 5 in Fighting
  3524 | D:5      | Reached XP level 7. HP: 55/61 MP: 9/9
  3567 | D:5      | Reached skill level 5 in Polearms
  3588 | D:5      | Reached ** piety under Makhleb
  3988 | D:5      | Found Afour's Food Emporium.
  4070 | D:6      | Reached skill level 5 in Shields
  4112 | D:6      | Noticed MotkuVodaTOUR's ghost (novice DECj)
  4129 | D:6      | Gained mutation: Your spells are a little harder to cast, but a little more powerful. [potion of mutation]
  4129 | D:6      | Gained mutation: You are agile. (Dex +2) [potion of mutation]
  4129 | D:6      | Gained mutation: You have a pair of small horns on your head. [potion of mutation]
  4129 | D:6      | Killed from afar by MotkuVodaTOUR's ghost

Skill      XL: |  1  2  3  4  5  6  7 |
---------------+----------------------+-----
Fighting       | 4 5 |  5.3
Polearms       | 3 4 5 |  5.7
Armour         | 4 |  4.9
Invocations    | 1 2 3 |  3.9
Shields        | 4 5 |  5.0
Dodging        | 1 |  1.2

Action                   |  1- 3 |  4- 6 |  7- 9 || total
-------------------------+-------+-------+-------++-------
Melee: Trident           |   122 |   260 |    91 ||   473
  Use: Scroll            |     2 |     5 |     2 ||     9
       Potion            |       |     5 |     4 ||     9
  Eat: Chunk             |     1 |     1 |       ||     2
       Fruit             |       |     1 |       ||     1
       Royal jelly       |       |     2 |       ||     2
       Meat ration       |       |     1 |       ||     1
Armor: Scale mail        |    38 |    86 |    26 ||   150
Dodge: Dodged            |    27 |    44 |    26 ||    97
Block: Shield            |    47 |   111 |    68 ||   226
       Reflection        |       |       |     2 ||     2
